 Dungeon Crawl Stone Soup version 0.19.0-2-gae57169 (webtiles) character file.

18 NINUZHNO the Stinger (level 2, -1/15 HPs)
             Began as a Gargoyle Venom Mage on Nov 4, 2016.
             Slain by a jackal (3 damage)
             ... on level 1 of the Dungeon.
             The game lasted 00:01:49 (492 turns).

NINUZHNO the Stinger (Gargoyle Venom Mage)           Turns: 492, Time: 00:01:49

Health: -1/15      AC:  4    Str: 11    XL:     2   Next: 66%
Magic:  1/5        EV: 12    Int: 15    God:
Gold:   19         SH:  0    Dex: 10    Spells: 1 memorised, 4 levels left

rFire  . . .     SeeInvis .     d - +0 whip
rCold  . . .     Gourm    .     a - +0 robe
rNeg   + . .     Faith    .     (no shield)
rPois  ∞         Spirit   .     (no helmet)
rElec  +         Reflect  .     (no cloak)
rCorr  .         Harm     .     (no gloves)
MR     .....                    (no boots)
Stlth  ++........               (no amulet)
                                (no ring)
                                (no ring)

@: very slightly contaminated, hasted, very quick
A: negative energy resistance 1, electricity resistance, unbreathing,
petrification resistance, rot immunity, AC +2
a: no special abilities


You were on level 1 of the Dungeon.
You were not hungry.

You visited 1 branch of the dungeon, and saw 1 of its levels.

You collected 19 gold pieces.

Inventory:

Hand Weapons
 d - a +0 whip (weapon)
Armour
 a - a +0 robe (worn)
Scrolls
 e - a scroll of identify {unknown}
 f - a scroll of enchant armour {unknown}
Books
 b - a Young Poisoner's Handbook

   Spells                             Type                      Level
   a - Sting                          Conjuration/Poison           1
   b - Mephitic Cloud                 Conjuration/Poison/Air       3
   c - Olgreb's Toxic Radiance        Poison                       4
   d - Alistair's Intoxication        Transmutation/Poison         5
   e - Venom Bolt                     Conjuration/Poison           5
Comestibles
 c - a bread ration
 g - 3 chunks of flesh
 i - a meat ration


   Skills:
 + Level 1.5 Maces & Flails
 - Level 1.5 Dodging
 - Level 2.1 Stealth
 - Level 2.0 Spellcasting
 + Level 4.3 Poison Magic


You had 4 spell levels left.
You knew the following spells:

 Your Spells              Type           Power        Failure   Level  Hunger
a - Sting                 Conj/Pois      #...         12%         1    #......


Dungeon Overview and Level Annotations

Branches:
Dungeon (1/15)

Altars:


Innate Abilities, Weirdness & Mutations

You are resistant to torment.
Your stone body is resilient. (AC +2)
You are immune to poison.
You resist negative energy. (rN+)
You are resistant to electric shocks. (rElec)
You can survive without breathing.
You are immune to petrification.
You are immune to rotting.


Message History

The jackal closely misses you.
You hit the jackal but do no damage.
The jackal is severely wounded.
The jackal bites you. x2; The jackal barely misses you.
The jackal closely misses you.
The jackal bites you but does no damage.
You hit the jackal.
You kill the jackal!
The jackal bites you but does no damage.
The jackal closely misses you. The jackal bites you.
It was a potion of haste.
You feel yourself speed up. The jackal bites you.
* * * LOW HITPOINT WARNING * * *
The jackal bites you but does no damage.
The jackal completely misses you. The jackal barely misses you.
You are very lightly contaminated with residual magic.
You closely miss the jackal. The jackal barely misses you. x2
The jackal bites you but does no damage.
The jackal closely misses you.
You closely miss the jackal. The jackal bites you.
You die...

#########......#
#...............
#...............
#..........#
#...!......#
#......!...#
#.........g#
#........hh#
#........h@#
############


You could see 3 jackals and a hobgoblin.

Vanquished Creatures
  3 bats (D:1)
  A giant cockroach (D:1)
  5 goblins (D:1)
  A hobgoblin (D:1)
  A jackal (D:1)
  A kobold (D:1)
  A frilled lizard (D:1)
  2 rats (D:1)
15 creatures vanquished.

Notes
Turn   | Place    | Note
-------+----------+-------------------------------------------
     0 | D:1      | NINUZHNO the Gargoyle Venom Mage began the quest for the Orb.
     0 | D:1      | Reached XP level 1. HP: 10/10 MP: 3/3
   141 | D:1      | Reached skill level 1 in Maces & Flails
   141 | D:1      | Reached XP level 2. HP: 12/15 MP: 1/5
   492 | D:1      | Slain by a jackal

Skill      XL: |  1 |
---------------+----+-----
Maces & Flails | 1 |  1.5
Dodging        | |  1.5
Stealth        | |  2.1
Spellcasting   | |  2.0
Poison Magic   | |  4.3

Action                   || total
-------------------------++-------
Melee: Whip              ||    29
 Cast: Sting             ||    19
  Use: Potion            ||     1
Armor: Robe              ||    30
Dodge: Dodged            ||    47
